 Dungeon Crawl Stone Soup version 0.31.0-7-gf635a9b802 (console) character file.

Game seed: 2505507598651169871

2140 Zeia the Fighter (level 9, 74/74 HPs)
             Began as a Djinni Ice Elementalist on Jan 23, 2024.
             Quit the game on level 6 of the Dungeon.
             The game lasted 00:34:24 (7841 turns).

Zeia the Fighter (Djinni Ice Elementalist)          Turns: 7841, Time: 00:34:24

Health: 74/74      AC:  2    Str:  7    XL:     9   Next: 55%
Gold:   413        EV: 12    Int: 21    God:
                   SH:  0    Dex: 14

rFire   + + .        b - +2 mace (pain)
rCold   x . .        (no shield)
rNeg    . . .        a - +0 robe
rPois   ∞            (no helmet)
rElec   .            (no cloak)
rCorr   .            (no gloves)
SInv    .            (boots unavailable)
Will    .....        (no amulet)
Stlth   ++           (no ring)
HPRegen 0.32/turn    (no ring)
MPRegen 0.00/turn

%: no passive effects
@: flying
A: sickness immunity, fire resistance 2, cold vulnerability 1, float, innate
caster, HP casting, extra vitality 1
a: no special abilities


You were on level 6 of the Dungeon.
You visited 1 branch of the dungeon, and saw 8 of its levels.

You collected 413 gold pieces.

Inventory:

Hand Weapons
 b - a +2 mace of pain (weapon)
 m - a +0 hand axe
 o - a +7 hand axe
 q - a +2 dagger of flaming
 u - a +2 whip of flaming
Armour
 a - a +0 robe (worn)
 p - a +0 buckler
 w - a +1 leather armour of cold resistance
Magical Staves
 n - a staff of conjuration
Wands
 r - a wand of flame (30)
 t - a wand of mindburst (13)
Scrolls
 d - 2 scrolls of enchant armour
 f - a scroll of vulnerability
 h - 9 scrolls of identify
 i - a scroll of teleportation
 s - a scroll of amnesia
 y - a scroll of brand weapon {unknown}
Potions
 c - 2 potions of attraction {unknown}
 e - 2 potions of enlightenment
 g - 2 potions of curing
 j - 3 potions of might {unknown}
 k - a potion of heal wounds
 l - a potion of resistance {unknown}
 v - a potion of brilliance {unknown}
 x - a potion of magic {unknown}


   Skills:
 + Level 9.7 Fighting
 - Level 2.1 Dodging
 - Level 1.5 Stealth
 + Level 6.5 Spellcasting
 + Level 6.5 Conjurations
 + Level 6.5 Hexes
 + Level 6.5 Summonings
 + Level 6.5 Necromancy
 + Level 6.5 Translocations
 + Level 6.5 Fire Magic
 + Level 6.5 Ice Magic
 + Level 6.5 Air Magic
 + Level 6.5 Earth Magic
 + Level 6.5 Alchemy


You knew the following spells:

 Your Spells              Type           Power      Damage    Failure   Level
a - Freeze                Ice            100%       1d10      1%          1
b - Frozen Ramparts       Ice            68%        1d11      1%          3
c - Ozocubu's Armour      Ice            34%        N/A       1%          3
d - Summon Ice Beast      Ice/Summ       34%        N/A       1%          3
e - Foxfire               Conj/Fire      100%       2x1d9     1%          1
f - Mercury Vapours       Alch/Air       68%        N/A       1%          2
g - Fugue of the Fallen   Necr           34%        N/A       1%          3
h - Animate Armour        Summ/Erth      68%        N/A       6%          4
Your spell library was empty.

Dungeon Overview and Level Annotations

Branches:
Dungeon (8/15)
 Temple: D:4-7         Lair: D:8-11

Altars:
Ru
Zin

Annotations:
D:6 exclusion: downstairs
D:8 Jeremiah


Innate Abilities, Weirdness & Mutations

You are immune to sickness and miasma.
You are immune to poison.
Your flesh is very heat resistant. (rF++)
You are vulnerable to cold. (rC-)
You float through the air rather than walking.
You learn spells naturally, not from books.
Your magical power is your life essence.
You have superior vitality. (+4 MHP)


Message History

Confirm with . or Enter, or press ? or * to list all spells.
A chill wind blows around you.
* * * LOW HITPOINT WARNING * * *
The wight hits you with a +3 hand axe!
* * * LOW HITPOINT WARNING * * *
Unknown command.
You swap places.
The wight hits your ice beast with a +3 hand axe!
Your ice beast hits the wight but does no damage.
The wight hits your ice beast with a +3 hand axe.
Your ice beast hits the wight.
Your ice beast freezes the wight.
The wight resists.
The wight hits your ice beast but does no damage.
Your ice beast closely misses the wight.
The wight misses your ice beast.
Your ice beast hits the wight but does no damage.
Something barely misses your ice beast.
Your ice beast hits the wight.
Your ice beast freezes the wight.
The wight resists.
The wight hits your ice beast with a +3 hand axe.
Your ice beast hits the wight.
Your ice beast freezes the wight.
The wight resists.
The wight hits your ice beast with a +3 hand axe!
Your ice beast hits the wight.
The wight is destroyed!
You start resting.
Your ice beast disappears in a puff of smoke!
HP restored.
Things that are here:
a +3 hand axe; a +0 robe
There is a stone staircase leading down here.
This staircase is marked as excluded!
Enter next level anyway?
Okay, then.
Unknown command.
Sorry, you're not good enough to have a special ability.
Unknown command.
Unknown command.
There's nothing to open nearby.
Unknown command.
Unknown command.
Unknown command.
Are you sure you want to abandon this character and quit the game? (Confirm with "yes".)

#........#
#.###......[......#
..###....#
#..#.#.###.....##.# .##
#....# #.#.##.# ##.[>###.#
.####..(.### #.#.##.#####.##
#.#
.#.........####.#..........#
#.#
...............(#....#######
#.# ##.....)..........####
#.# ####...########..# #.#
#####...# #..# ##########.#
........# #..# #.......>...
######### #@.# #.########..
# #..####.###### ##. #
#>...........####. #
#)#####.####.#.... # #.##
#.# #.#.... # #..# #.#
#.#.... # ##.# #.####.#....
####### #.# #...........
......# #.# ######......
#####.# #.# ##..... #####.#
#.# #.##.#


There were no monsters in sight!

Vanquished Creatures
  Pikel (D:5)
  A steam dragon (D:7)
  A sky beast (D:6)
  A centaur (D:7)
  A lemure (D:4)
  4 wights
  2 scorpions
  A howler monkey (D:7)
  A hound (D:6)
  3 iguanas (D:5)
  An orc priest (D:7)
  2 jellies
  2 orc wizards (D:7)
  4 adders
  A shadow imp (D:7)
  2 dart slugs
  A ribbon worm (D:3)
  10 orcs
  8 ball pythons
  6 bats
  4 endoplasms
  A giant cockroach (D:2)
  3 goblins
  3 hobgoblins
  4 jackals
  4 kobolds
  5 quokkas
  7 frilled lizards
  5 rats
89 creatures vanquished.

Vanquished Creatures (collateral kills)
  A scorpion (D:7)
  2 bullfrogs (D:7)
  5 wights
  2 howler monkeys (D:7)
  A hound (D:7)
  A jelly (D:6)
  An orc priest (D:7)
  A sleepcap (D:7)
  An iguana (D:6)
  An orc wizard (D:5)
  5 orcs
21 creatures vanquished.

Vanquished Creatures (others)
  2 orcs (D:7)
  49 foxfires
51 creatures vanquished.

Grand Total: 161 creatures vanquished

Notes
Turn   | Place    | Note
-------+----------+-------------------------------------------
     0 | D:1      | Zeia the Djinni Ice Elementalist began the quest for the
                  | Orb.
     0 | D:1      | Zeia set off with the following spells memorised: Freeze,
                  | Frozen Ramparts, Ozocubu's Armour, Summon Ice Beast.
     0 | D:1      | Reached XP level 1. HP: 15/15 MP: 0/0
    92 | D:1      | Reached XP level 2. HP: 15/22 MP: 0/0
   176 | D:1      | Reached skill level 1 in Fighting
   283 | D:1      | Found a faded altar of an unknown god.
   391 | D:1      | Reached XP level 3. HP: 25/27 MP: 0/0
   391 | D:1      | Learned a level 1 spell: Foxfire
   835 | D:2      | Reached skill level 2 in Fighting
  1620 | D:3      | Reached XP level 4. HP: 29/33 MP: 0/0
  2930 | D:5      | Entered Level 5 of the Dungeon
  2952 | D:5      | Reached skill level 3 in Fighting
  2952 | D:5      | Reached XP level 5. HP: 32/40 MP: 0/0
  2952 | D:5      | Learned a level 2 spell: Mercury Vapours
  3120 | D:5      | Reached XP level 6. HP: 5/47 MP: 0/0
  3308 | D:5      | Reached skill level 4 in Fighting
  3421 | D:5      | Noticed Pikel
  3736 | D:5      | Killed Pikel
  3737 | D:5      | Reached skill level 5 in Fighting
  3737 | D:5      | Reached skill level 5 in Spellcasting
  3737 | D:5      | Reached skill level 5 in Conjurations
  3737 | D:5      | Reached skill level 5 in Hexes
  3737 | D:5      | Reached skill level 5 in Summonings
  3737 | D:5      | Reached skill level 5 in Necromancy
  3737 | D:5      | Reached skill level 5 in Translocations
  3737 | D:5      | Reached skill level 5 in Fire Magic
  3737 | D:5      | Reached skill level 5 in Ice Magic
  3737 | D:5      | Reached skill level 5 in Air Magic
  3737 | D:5      | Reached skill level 5 in Earth Magic
  3737 | D:5      | Reached skill level 5 in Alchemy
  3737 | D:5      | Reached XP level 7. HP: 18/55 MP: 0/0
  3737 | D:5      | Learned a level 3 spell: Fugue of the Fallen
  4017 | D:5      | Found a glowing silver altar of Zin.
  4031 | D:5      | Found a sacrificial altar of Ru.
  4302 | D:5      | Reached XP level 8. HP: 57/61 MP: 0/0
  4352 | D:6      | Reached skill level 6 in Fighting
  5095 | D:6      | You are sucked into a shaft and drop 2 floors!
  5100 | D:8      | Noticed Jeremiah
  5828 | D:7      | Reached skill level 7 in Fighting
  6242 | D:7      | Reached skill level 8 in Fighting
  6247 | D:7      | Reached XP level 9. HP: 31/70 MP: 0/0
  6247 | D:7      | Learned a level 4 spell: Animate Armour
  6666 | D:7      | Reached skill level 9 in Fighting
  7608 | D:6      | HP: 2/74 [wight/+3 hand axe (9)]
  7841 | D:6      | Quit the game

Illustrated notes

Levels and vault maps discovered:
D:1:      minmay_arrival_glassed_features, layout_loops_ring,
          shapermc_ecumenical_altar_mp_ritualfount
D:2:      layout_basic
D:3:      layout_basic, corexii_item_surrounded_by_moat, amethyst_killhole,
          kennysheep_doodads
D:4:      layout_loops_ring
D:5:      layout_basic, mainiacjoe_overflow_big_doors, grunt_decor_arrowhead,
          uniq_pikel
D:6:      layout_loops_ring
D:7:      minmay_the_grid_square_5x5_3x3 [minmay_the_grid_square_5x5_lines,
          minmay_the_grid_square_5x5_intrusive_squares,
          minmay_the_grid_square_5x5_minimal,
          minmay_the_grid_square_5x5_bracketed,
          minmay_the_grid_square_5x5_megaprize_open,
          minmay_the_grid_square_5x5_three, minmay_the_grid_square_5x5_tie,
          minmay_the_grid_square_5x5_comb, minmay_the_grid_square_5x5_inset],
          layout_gridville, minmay_temple_entry_nine_rooms
D:8:      layout_basic, uniq_jeremiah

Skill      XL: |  1  2  3  4  5  6  7  8  9 |
---------------+----------------------------+-----
Fighting       | 1 2 3 5 8 9 |  9.7
Spellcasting   | 4 5 6 |  6.5
Conjurations   | 4 5 6 |  6.5
Hexes          | 4 5 6 |  6.5
Summonings     | 4 5 6 |  6.5
Necromancy     | 4 5 6 |  6.5
Translocations | 4 5 6 |  6.5
Fire Magic     | 4 5 6 |  6.5
Ice Magic      | 4 5 6 |  6.5
Air Magic      | 4 5 6 |  6.5
Earth Magic    | 4 5 6 |  6.5
Alchemy        | 4 5 6 |  6.5
Dodging        | |  2.1
Stealth        | |  1.5

Action                     |  1- 3 |  4- 6 |  7- 9 || total
---------------------------+-------+-------+-------++-------
  Melee: Mace              |    38 |    33 |    40 ||   111
         Punch             |       |       |     1 ||     1
   Cast: Freeze            |    26 |    37 |    37 ||   100
         Foxfire           |     8 |     2 |    20 ||    30
         Summon Ice Beast  |       |     5 |    24 ||    29
         Frozen Ramparts   |       |     1 |     2 ||     3
         Ozocubu's Armour  |       |     1 |       ||     1
         Animate Armour    |       |       |     1 ||     1
    Use: Potion            |       |     3 |       ||     3
         Scroll            |       |     2 |    11 ||    13
   Stab: Sleeping          |       |     3 |       ||     3
         Distracted        |       |       |     1 ||     1
 Armour: Robe              |    18 |    48 |    88 ||   154
  Dodge: Dodged            |    50 |    51 |    78 ||   179
